 Dungeon Crawl Stone Soup version 0.29.1-15-g9cfb28693d (webtiles) character file.

Game seed: 10514066770526433835

168 KyoPewz the Firebug (level 5, -1/28 HPs)
             Began as a Gargoyle Fire Elementalist on Feb 23, 2023.
             Slain by a gnoll
             ... wielding a +0 whip
             ... led by a gnoll bouda
              (4 damage)
             ... on level 3 of the Dungeon.
             The game lasted 00:11:03 (3202 turns).

KyoPewz the Firebug (Gargoyle Fire Elementalist)    Turns: 3202, Time: 00:11:04

Health: -1/28      AC:  7    Str: 17    XL:     5   Next: 49%
Magic:  0/9        EV: 11    Int: 18    God:
Gold:   106        SH:  0    Dex: 10    Spells: 0/10 levels left

rFire   . . .      SeeInvis .   f - +0 short sword
rCold   . . .      Faith    .   (no shield)
rNeg    + . .      Spirit   +   a - +0 robe
rPois   ∞          Reflect  .   (no helmet)
rElec   +          Harm     .   (no cloak)
rCorr   .          Rampage  .   c - +0 pair of gloves
Will    +....                   (no boots)
Stlth   ++........              m - amulet of guardian spirit
HPRegen 0.09/turn               o - +6 ring of strength
MPRegen 0.11/turn               i - ring of willpower

@: very slightly contaminated
A: sickness immunity, AC +4, negative energy resistance 1, electricity
resistance, torment resistance 1, petrification resistance
a: no special abilities


You were on level 3 of the Dungeon.
You visited 1 branch of the dungeon, and saw 4 of its levels.

You collected 106 gold pieces.

Inventory:

Hand Weapons
 f - a +0 short sword (weapon)
 g - a +0 dagger
Armour
 a - a +0 robe (worn)
 c - a +0 pair of gloves (worn)
 k - a +0 ring mail
Magical Staves
 y - a staff of poison
Jewellery
 h - an amulet of faith
 i - a ring of willpower (right hand)
 m - an amulet of guardian spirit (around neck)
 o - a +6 ring of strength (left hand)
Wands
 b - a wand of mindburst (15)
Scrolls
 d - a scroll of torment {unknown}
 e - a scroll of blinking {unknown}
 j - a scroll of fear {unknown}
 l - a scroll of enchant armour {unknown}
 q - 2 scrolls of amnesia {unknown}
 t - a scroll of magic mapping {unknown}
 v - a scroll of enchant weapon {unknown}
 w - a scroll of brand weapon {unknown}
 x - a scroll of teleportation {unknown}
Potions
 n - 2 potions of mutation
 r - 3 potions of curing
 s - 2 potions of berserk rage
 u - a potion of might {unknown}
 z - a potion of lignification {unknown}


   Skills:
 - Level 1.5 Dodging
 - Level 2.2 Stealth
 - Level 3.0 Spellcasting
 + Level 2.8 Conjurations
 * Level 4.8 Fire Magic


You couldn't memorise any spells.
You knew the following spells:

 Your Spells              Type           Power      Damage    Failure   Level
a - Foxfire               Conj/Fire      64%        2x1d7     3%          1
b - Scorch                Fire           38%        2d6       3%          2
c - Flame Wave            Conj/Fire      16%        2d7       32%         4
d - Conjure Flame         Conj/Fire      16%        6-21      10%         3

Your spell library contained the following spells:

 Spells                   Type           Power      Damage    Failure   Level
 Magic Dart               Conj           52%        1d5       4%          1
 Beastly Appendage        Tmut           4%         N/A       16%         1
 Inner Flame              Hex/Fire       11%        N/A       19%         3
 Blink                    Tloc           4%         N/A       24%         2
 Call Imp                 Summ           2%         N/A       24%         2
 Wereblood                Tmut           2%         N/A       24%         2
 Mephitic Cloud           Conj/Pois/Air  6%         N/A       32%         3
 Lesser Beckoning         Tloc           2%         N/A       43%         3
 Spider Form              Tmut/Pois      2%         N/A       43%         3
 Manifold Assault         Tloc           2%         N/A       99%         5


Dungeon Overview and Level Annotations

Branches:
Dungeon (4/15)
 Temple: D:4-7

Altars:
Vehumet
Yredelemnul

Annotations:
D:4 Grinder


Innate Abilities, Weirdness & Mutations

You are immune to sickness and miasma.
Your stone body is resilient. (AC +4)
You are immune to poison.
You resist negative energy. (rN+)
You are resistant to electric shocks. (rElec)
You are resistant to unholy torment.
You are immune to petrification.


Message History

You hit the gnoll bouda.
The gnoll bouda is severely wounded.
The gnoll bouda is no longer more vulnerable to fire.
The foxfire hits the gnoll bouda but does no damage.
The gnoll bouda is severely wounded.
The foxfire hits the gnoll bouda but does no damage.
The gnoll bouda is severely wounded.
The gnoll bouda hits you with a +0 club.
You miscast Foxfire.
You are very lightly contaminated with residual magic.
Nothing appears to happen.
The gnoll bouda barks out a call to the hunt!
The gnoll picks up the pace!
A gnoll comes into view. It is wielding a +0 club.
The gnoll shouts!
You conjure some foxfire!
The foxfire hits the gnoll.
The gnoll is heavily wounded.
The gnoll bouda hits you with a +0 club!
You barely miss the gnoll bouda.
The gnoll bouda is severely wounded.
The foxfire hits the gnoll bouda.
The gnoll bouda is almost dead.
The gnoll bouda barks out a call to the hunt!
The gnoll picks up the pace!
The gnoll hits you but does no damage. The gnoll hits you with a +0 whip.
The gnoll closely misses you.
The gnoll bouda calls upon its god to heal the gnoll.
The gnoll is healed somewhat.
You climb upwards.
There is a stone staircase leading down here.
Okay, then.
You barely miss the gnoll bouda.
The gnoll bouda is severely wounded.
The gnoll misses you.
The gnoll bouda hits you with a +0 club!
* * * LOW HITPOINT WARNING * * *
You barely miss the gnoll bouda.
The gnoll bouda is severely wounded.
The gnoll hits you with a +0 whip.
You die...

######################
#...g@gg........##....
#.######.######.##.###
#....# #.# #.##.# #
#..#.# #.# #..#.# #
#.^#.# #.## ##...###
#######..#.###..###
##.....
#........#........#
###...
#.######.#######..#
###. #.#### #.#
#.#..## #.


You could see a gnoll bouda and 2 gnolls.

Vanquished Creatures
  A jelly (D:2)
  Ijyb (D:3)
  3 adders
  A gnoll (D:4)
  4 worms (D:2)
  4 orcs (D:3)
  5 bats
  9 endoplasms
  4 giant cockroaches
  9 goblins
  A hobgoblin (D:2)
  7 kobolds
  A quokka (D:3)
  3 ball pythons
  2 frilled lizards (D:1)
  3 rats
58 creatures vanquished.

Vanquished Creatures (others)
  126 foxfires
  2 fungi (D:1)
  A plant (D:1)
129 creatures vanquished.

Grand Total: 187 creatures vanquished

Notes
Turn   | Place    | Note
-------+----------+-------------------------------------------
     0 | D:1      | KyoPewz the Gargoyle Fire Elementalist began the quest for
                  | the Orb.
     0 | D:1      | Reached XP level 1. HP: 10/10 MP: 3/3
   133 | D:1      | Reached XP level 2. HP: 15/15 MP: 1/5
   457 | D:1      | Learned a level 2 spell: Scorch
   966 | D:1      | Found a faded altar of an unknown god.
  1084 | D:2      | Reached XP level 3. HP: 19/19 MP: 3/6
  1720 | D:2      | Reached skill level 4 in Fire Magic
  1720 | D:2      | Reached XP level 4. HP: 24/24 MP: 3/7
  2174 | D:3      | Noticed Ijyb
  2200 | D:3      | Killed Ijyb
  2201 | D:3      | Reached XP level 5. HP: 5/28 MP: 3/9
  2480 | D:3      | Found a basalt altar of Yredelemnul.
  2633 | D:3      | Found a radiant altar of Vehumet.
  2737 | D:3      | Learned a level 4 spell: Flame Wave
  2741 | D:3      | Learned a level 3 spell: Conjure Flame
  3176 | D:4      | Noticed Grinder
  3202 | D:3      | Slain by a gnoll

Illustrated notes

Levels and vault maps discovered:
D:1:      minmay_arrival_radiant_lines, layout_loops_ring,
          shapermc_ecumenical_altar_petra
D:2:      layout_basic, nicolae_wormholes
D:3:      layout_basic, mainiacjoe_overflow_divided_tiny, uniq_ijyb
D:4:      layout_loops_cross, gammafunk_ghost_smash, serial_shops, shop,
          serial_bayou_pond_e, kennysheep_generic_room_10,
          uniq_crazy_yiuf_cottage, uniq_grinder

Skill      XL: |  1  2  3  4  5 |
---------------+----------------+-----
Conjurations   | 2 |  2.8
Fire Magic     | 4 |  4.8
Spellcasting   | 3 |  3.0
Dodging        | |  1.5
Stealth        | |  2.2

Action                   |  1- 3 |  4- 6 || total
-------------------------+-------+-------++-------
Melee: Short sword       |    43 |    37 ||    80
 Cast: Foxfire           |    50 |    24 ||    74
       Scorch            |     1 |     9 ||    10
  Use: Potion            |       |     1 ||     1
       Scroll            |       |     3 ||     3
 Stab: Sleeping          |     3 |     2 ||     5
Armor: Robe              |    18 |    18 ||    36
Dodge: Dodged            |    18 |    27 ||    45
